 Dungeon Crawl Stone Soup version 0.25-a0-294-gea9b1ad378 (webtiles) character file.

Game seed: 494608851222564679, levelgen mode: classic

801 Borgoz the Slasher (level 7, -4/43 HPs)
             Began as a Gargoyle Gladiator on Dec 18, 2019.
             Slain by an ogre
             ... wielding a +0 giant club
              (10 damage)
             ... on level 6 of the Dungeon.
             The game lasted 00:05:21 (4377 turns).

Borgoz the Slasher (Gargoyle Gladiator)             Turns: 4377, Time: 00:05:23

Health: -4/43      AC: 12    Str: 16 (17) XL:     7   Next: 90%
Magic:  7/7        EV: 12    Int:  6 (9)  God:
Gold:   208        SH:  6    Dex: 12 (15) Spells: 6/6 levels left

rFire    . . .     SeeInvis .   a - +0 long sword
rCold    . . .     Gourm    .   b - +2 buckler
rNeg     + . .     Faith    .   s - +0 ring mail (curse)
rPois    ∞         Spirit   .   c - +0 helmet
rElec    +         Reflect  .   (no cloak)
rCorr    .         Harm     .   (no gloves)
MR       .....                  (no boots)
Stlth    +.........             (no amulet)
HPRegen  0.14/turn              p - +2 ring of dexterity
MPRegen  0.10/turn              (no ring)

@: no status effects
A: negative energy resistance 1, electricity resistance, unbreathing,
petrification resistance, rot immunity, AC +4
a: no special abilities


You were on level 6 of the Dungeon.
You were not hungry.

You visited 1 branch of the dungeon, and saw 6 of its levels.

You collected 208 gold pieces.

Inventory:

Hand Weapons
 a - a +0 long sword (weapon)
Missiles
 d - 3 throwing nets (quivered)
Armour
 b - a +2 buckler (worn)
 c - a +0 helmet (worn)
 s - a cursed +0 ring mail (worn)
 B - the cursed +1 leather armour of Lewuc Taiw {*Slow Int+4 Slay+2, unknown}
   (You found it on level 6 of the Dungeon)

   It affects your intelligence (+4).
   It affects your accuracy and damage with ranged weapons and melee attacks
   (+2).
   It may slow you when you take damage.
   It has a curse placed upon it.
Jewellery
 p - a +2 ring of dexterity (left hand)
Scrolls
 g - 4 scrolls of remove curse {unknown}
 h - a scroll of enchant weapon {unknown}
 i - a scroll of enchant armour {unknown}
 j - 2 scrolls of fog {unknown}
 k - 5 scrolls of identify {unknown}
 n - a scroll of random uselessness {unknown}
 q - 2 scrolls of teleportation {unknown}
 t - a scroll of noise {unknown}
 x - a scroll of silence {unknown}
 y - a scroll of amnesia {unknown}
Potions
 e - a potion of agility {unknown}
 l - a potion of brilliance {unknown}
 m - a potion of might {unknown}
 o - a potion of mutation {unknown}
 r - 2 potions of cancellation {unknown}
 u - a potion of flight {unknown}
 v - 2 potions of degeneration
 w - 2 potions of lignification {unknown}
 z - a potion of resistance {unknown}
Comestibles
 f - 12 rations
 A - 3 chunks of flesh


   Skills:
 + Level 4.0 Fighting
 * Level 4.9 Long Blades
 - Level 1.7 Throwing
 * Level 4.9 Armour
 + Level 3.5 Dodging
 + Level 3.1 Shields


You had 6 spell levels left.
You didn't know any spells.
Your spell library was empty.

Dungeon Overview and Level Annotations

Branches:
Dungeon (6/15)
 Temple: D:4-7

Altars:
Elyvilon
Fedhas
Kikubaaqudgha
Zin

Portals:
Ossuary: D:6

Annotations:
D:6 Grinder


Innate Abilities, Weirdness & Mutations

You are resistant to torment.
Your stone body is resilient. (AC +4)
You are immune to poison.
You resist negative energy. (rN+)
You are resistant to electric shocks. (rElec)
You can survive without breathing.
You are immune to petrification.
You are immune to rotting.


Message History

The orc is too close now for your liking.
The orc shouts!
You hear a shout! x2
An ogre comes into view. It is wielding a +0 giant club.
Grinder comes into view.
Grinder shouts!
The orc shouts!
The orc wizard shouts!
Found a scroll labeled ZYBAVE PYCH.
The orc priest mumbles some strange prayers to Beogh against you.
Beogh smites you!
* * * LOW HITPOINT WARNING * * *
You block the orc's attack.
Grinder blinks!
Found 6 gold pieces.
It was a potion of degeneration.
There was something very wrong with that liquid.
You feel weakened.
You feel dopey.
You feel clumsy. The orc priest barely misses you.
The orc wizard mumbles some strange words.
The orc wizard blinks!
The orc throws a boomerang.
The boomerang misses you.
The weapon returns to the orc!
The ogre hits you with a +0 giant club!
You die...

#........#
#........#
#...<.÷..#
#.......(# $#####
###........#
......##......#####
....§.....#####
#...Oo..#
#....@#......?
......o.........
#...#..§..#####.
#.. #o.#o.# #.
.5....# #.#.#######
.... ..## ## ...#.
... .# ..#[


You could see Grinder, an ogre, an orc priest, an orc wizard and 2 orcs.

Vanquished Creatures
  A sky beast (D:5)
  A phantom (D:4)
  A centaur (D:5)
  An ogre (D:5)
  A water moccasin skeleton (D:4)
  A scorpion (D:6)
  A crimson imp (D:6)
  A hound (D:4)
  An orc wizard (D:3)
  2 worker ants
  A hound skeleton (D:6)
  A worker ant zombie (D:6)
  10 adders
  A shadow imp (D:6)
  An ooze (D:2)
  4 worms
  3 dart slugs
  4 leopard geckos
  8 orcs
  6 giant cockroaches
  11 hobgoblins
  7 kobolds
  2 quokkas
  A ball python (D:2)
  A ball python skeleton (D:4)
  5 bats
  4 frilled lizards
  2 goblins
  6 rats
89 creatures vanquished.

Notes
Turn   | Place    | Note
-------+----------+-------------------------------------------
     0 | D:1      | Borgoz the Gargoyle Gladiator began the quest for the Orb.
     0 | D:1      | Reached XP level 1. HP: 12/12 MP: 1/1
   197 | D:1      | Reached XP level 2. HP: 15/18 MP: 2/2
   211 | D:1      | Reached skill level 1 in Armour
   606 | D:2      | Reached XP level 3. HP: 14/22 MP: 3/3
  1302 | D:2      | Reached XP level 4. HP: 27/27 MP: 4/4
  1739 | D:3      | Reached skill level 1 in Shields
  1740 | D:3      | Reached XP level 5. HP: 32/32 MP: 5/5
  2748 | D:4      | Found a glowing silver altar of Zin.
  2848 | D:4      | Reached XP level 6. HP: 32/37 MP: 6/6
  2918 | D:4      | Noticed a phantom
  2943 | D:4      | Killed a phantom
  3209 | D:4      | Found a blossoming altar of Fedhas.
  3210 | D:4      | Found an ancient bone altar of Kikubaaqudgha.
  3656 | D:5      | Entered Level 5 of the Dungeon
  3764 | D:5      | Noticed a sky beast
  3775 | D:5      | Killed a sky beast
  3775 | D:5      | Reached XP level 7. HP: 36/41 MP: 7/7
  4231 | D:6      | Got a spiked leather armour
  4238 | D:6      | Found a white marble altar of Elyvilon.
  4337 | D:6      | Found a sand-covered staircase.
  4374 | D:6      | Noticed Grinder
  4377 | D:6      | Slain by an ogre

Levels and vault maps discovered:
D:1:      dpeg_arrival_triangle_fractal, layout_rooms
D:2:      layout_loops_ring, serial_forest, infiniplex_forest_lined_room_,
          infiniplex_forest_clump_curved, infiniplex_forest_end_2,
          infiniplex_forest_clump_medium, infiniplex_forest_lined_3
D:3:      layout_basic, first_ration, minmay_guardbox
D:4:      layout_basic, grunt_temple_overflow_growth_and_decay,
          kennysheep_little_box
D:5:      layout_rooms
D:6:      layout_rooms, nicolae_tso_carved_into_rock, elyvilon_altar_5,
          nicolae_ossuary_entry_ruins, uniq_grinder

Skill      XL: |  1  2  3  4  5  6  7 |
---------------+----------------------+-----
Armour         | 1 2 3 4 |  4.9
Long Blades    | 3 4 |  4.9
Shields        | 1 2 3 |  3.1
Fighting       | 3 4 |  4.0
Dodging        | 3 |  3.5
Throwing       | |  1.7

Action                   |  1- 3 |  4- 6 |  7- 9 || total
-------------------------+-------+-------+-------++-------
Melee: Long sword        |    97 |   210 |    74 ||   381
  Use: Potion            |       |       |     1 ||     1
  Eat: Chunk             |     1 |     7 |     4 ||    12
Armor: Leather armour    |    35 |    39 |       ||    74
       Ring mail         |       |    34 |    30 ||    64
Dodge: Dodged            |    67 |   127 |    44 ||   238
Block: Buckler           |     1 |    44 |    23 ||    68
       Rpst.: Long sword |    20 |    41 |    14 ||    75

Table legend:
 A = Non-vault XP
 B = Vault XP
 C = Vault XP percentage of total XP
 D = Non-vault monster count
 E = Vault monster count
 F = Vault count percentage of total count
                 A         B        C        D         E       F
            +---------+---------+-------+---------+---------+-------
      Total |    1094 |      51 |   4.5 |      78 |      11 |  12.4
            +---------+---------+-------+---------+---------+-------
        D:1 |      26 |       0 |   0.0 |      15 |       0 |   0.0
        D:2 |      64 |       0 |   0.0 |      19 |       0 |   0.0
        D:3 |     114 |      51 |  30.9 |      20 |      11 |  35.5
        D:4 |     284 |       0 |   0.0 |       9 |       0 |   0.0
        D:5 |     386 |       0 |   0.0 |       6 |       0 |   0.0
        D:6 |     220 |       0 |   0.0 |       9 |       0 |   0.0
            +---------+---------+-------+---------+---------+-------
